 Dungeon Crawl Stone Soup version 0.28-a0-1506-g3893175d92 (webtiles) character file.

Game seed: 11711551589961714730

0 Lekart the Skirmisher (level 1, 0/19 HPs)
             Began as a Draconian Abyssal Knight on Jan 14, 2022.
             Was a Follower of Lugonu.
             Slain by a fire bat (7 damage)
             ... on level 2 of the Abyss.
             The game lasted 00:00:23 (259 turns).

Lekart the Skirmisher (Draconian Abyssal Knight)     Turns: 259, Time: 00:00:23

Health: 0/19       AC:  4    Str: 15    XL:     1   Next: 0%
Magic:  2/2        EV: 12    Int: 10    God:    Lugonu [*.....]
Gold:   0          SH:  0    Dex: 11    Spells: 0/0 levels left

rFire   . . .      SeeInvis .   a - +1 falchion
rCold   . . .      Faith    .   (no shield)
rNeg    . . .      Spirit   .   (armour unavailable)
rPois   .          Reflect  .   (helmet restricted)
rElec   .          Harm     .   (no cloak)
rCorr   .          Rampage  .   (no gloves)
Will    .....                   (no boots)
Stlth   +.........              (no amulet)
HPRegen 0.06/turn               (no ring)
MPRegen 0.08/turn               (no ring)

@: no status effects
A: AC +4, unfitting armour, cold-blooded
a: Renounce Religion, Depart the Abyss


You were on level 2 of the Abyss.
You worshipped Lugonu.
Lugonu was aware of your devotion.
You visited 0 branches of the dungeon, and saw 0 of its levels.
You visited the Abyss 1 time.

Inventory:

Hand Weapons
 a - a +1 falchion (weapon)


   Skills:
 + Level 3.2 Fighting
 + Level 2.0 Long Blades
 + Level 2.1 Dodging
 + Level 2.0 Invocations


You couldn't memorise any spells.
You didn't know any spells.
Your spell library was empty.

Dungeon Overview and Level Annotations

Branches:
Dungeon (0/15)

Altars:


Innate Abilities, Weirdness & Mutations

Your plain brown scales are hard. (AC +4)
You cannot fit into any form of body armour.
You are cold-blooded and may be slowed by cold attacks.


Message History

Welcome, Lekart the Draconian Abyssal Knight.
The Orb of Zot is coveted for many reasons.
Will you seize it for your own?
Lugonu says: Depart the Abyss and spread corruption, my servant! (use the ability menu to exit the Abyss) Press ? for a list of commands and other information.
Found a corrupted altar of Lugonu.
An ufetubus comes into view.
An ufetubus is nearby!
An ufetubus is nearby!
The ufetubus shouts!
The ufetubus hits you. x2
You slash the ufetubus!
You kill the ufetubus!
That felt strangely unrewarding.
No target in view!
No target in view!
HP restored.
Found a gateway leading deeper into the Abyss.
There is a gateway leading deeper into the Abyss here.
You plunge deeper into the Abyss.
A wretched star comes into view.
The wretched star moves out of view.
Found a corrupted altar of Lugonu.
Found a gateway leading deeper into the Abyss.
A fire bat comes into view.
A fire bat comes into view. x2
The fire bat barely misses you. x2
There is a gateway leading deeper into the Abyss here.
The fire bat bites you.
You are engulfed in flames!
The fire bat bites you.
You are engulfed in flames!
You die...

. . .... .. #..#.
# . # # .#...#...#
. .#. .#.#
+..#.#...# . .
..##...# #.....
_... .# .##.....#
.. . ##.#.
###.##....# #.#.
## .#.##.###...# +
.....##.####.#...#
# # ...
.#.#...bb..# +. .
#..#.#...#@b.##
#.....
...#..##.#...... +
#.#.#. .
....##...#..
##.##...
.##.....####. . #.
.#######.##...#
#.. . ##.
##.#ยง.#..##. .
#.# #.##.#
..#.#.##..... #.
#.. . .. ##... #..
# ####... #.###.
#..


You could see 3 fire bats.

Vanquished Creatures
  An ufetubus (Abyss:1)
1 creature vanquished.

Notes
Turn   | Place    | Note
-------+----------+-------------------------------------------
     0 | Abyss:1  | Lekart the Draconian Abyssal Knight began the quest for the
                  | Orb.
     0 | Abyss:1  | Reached XP level 1. HP: 19/19 MP: 2/2
   151 | Abyss:1  | Found a corrupted altar of Lugonu.
   199 | Abyss:2  | Noticed a wretched star
   208 | Abyss:2  | Found a corrupted altar of Lugonu.
   255 | Abyss:2  | Noticed a fire bat
   256 | Abyss:2  | Noticed a fire bat
   256 | Abyss:2  | Noticed a fire bat
   259 | Abyss:2  | Slain by a fire bat

Illustrated notes

Levels and vault maps discovered:
Abyss:2:  base: Temple, evilmike_abyss_exit_16, evilmike_abyss_exit_16,
          due_exit_kobolds

Action                   || total
-------------------------++-------
Melee: Falchion          ||     1
Dodge: Dodged            ||     2

Table legend: (Time is in decaauts)
 A = Elapsed time spent in this place.
 B = Non-inter-level travel time spent in this place.
 C = Inter-level travel time spent in this place.
 D = Time resting spent in this place.
 E = Time spent auto-exploring this place.
 F = Levels seen in this place.
 G = Mean time per level.
                   A        B        C        D        E       F      G
               +--------+--------+--------+--------+--------+-----+--------+
         Total |    259 |    259 |      0 |      0 |    235 |   2 |  129.5 |
         Abyss |    259 |    259 |      0 |      0 |    235 |   2 |  129.5 |
               +--------+--------+--------+--------+--------+-----+--------+

Top non-repeatable levels by time:
 Abyss:1: 186 daAuts
 Abyss:2: 72 daAuts
